 Dungeon Crawl Stone Soup version 0.30.0-11-gf55b779eaf (webtiles) character file.

Game seed: 18349252381007860156

83610 Midn8 the Brawler (level 15, -4/70 (80) HPs)
             Began as a Vine Stalker Reaver on May 16, 2023.
             Was a High Priest of Okawaru.
             Shot with an arrow by a centaur warrior (9 damage)
             ... on level 14 of the Dungeon on May 17, 2023.
             The game lasted 01:19:55 (19399 turns).

Midn8 the Brawler (Vine Stalker Reaver)            Turns: 19399, Time: 01:19:56

HP:   -4/70 (80)    AC: 22    Str: 19    XL:     15   Next: 77%
MP:   0/23          EV: 17    Int: 21    God:    Okawaru [*****.]
Gold: 782           SH: 12    Dex: 20    Spells: 5/24 levels left

rFire   . .          .
                       - Unarmed
rCold   . . .        p - +1 buckler {AC+3}
rNeg    . . .        Q - +1 swamp dragon scales
rPois   +            L - +2 helmet
rElec   .            C - +0 cloak
rCorr   .            Y - +2 pair of gloves {hurl}
SInv    .            b - +2 pair of boots {Fly}
Will    +....        R - amulet of reflection
Stlth   +            f - +6 ring of intelligence
HPRegen 1.11/turn    n - +6 ring of dexterity
MPRegen 0.18/turn

%: reflection, guardian spirit
@: flying, heavily drained
A: fangs 3, regeneration 1, magic shield, antimagic bite, no potion heal 2
a: Renounce Religion, Heroism, Finesse, Duel


You were on level 14 of the Dungeon.
You worshipped Okawaru.
Okawaru was extremely pleased with you.
You visited 2 branches of the dungeon, and saw 19 of its levels.

You collected 1547 gold pieces.
You spent 765 gold pieces at shops.

Inventory:

Hand Weapons
 a - the +6 sling "Myeff" {drain, Int+3}
   (You found it on level 8 of the Dungeon)

   Int:       It affects your intelligence (+3).
Missiles
 d - 9 poisoned darts
 q - 2 throwing nets
 D - 82 stones (quivered)
 J - 2 silver javelins
 N - 5 javelins
 U - 6 boomerangs
Armour
 b - a +2 pair of boots of flying (worn)
 p - a +1 buckler of protection (worn)
 C - a +0 cloak (worn)
 L - a +2 helmet (worn)
 Q - +1 swamp dragon scales (worn)
 Y - a +2 pair of gloves of hurling (worn)
Jewellery
 c - a ring of fire
 f - a +6 ring of intelligence (left hand)
 n - a +6 ring of dexterity (right hand)
 o - an amulet of magic regeneration
 s - a ring of ice
 t - a ring of poison resistance
 R - an amulet of reflection (around neck)
 V - a +6 ring of intelligence
Wands
 k - a wand of roots (15)
 r - a wand of paralysis (12)
 w - a wand of mindburst (17)
 B - a wand of polymorph (3)
 M - a wand of flame (9)
Scrolls
 h - a scroll of silence
 j - 3 scrolls of enchant weapon
 u - 4 scrolls of fear
 v - 7 scrolls of poison
 x - 6 scrolls of teleportation
 y - 4 scrolls of blinking
 A - 4 scrolls of identify
 E - a scroll of amnesia
 P - a scroll of brand weapon
 S - a scroll of magic mapping
Potions
 e - 5 potions of heal wounds
 g - 4 potions of flight
 i - 4 potions of mutation
 l - 9 potions of curing
 m - 4 potions of attraction
 z - a potion of lignification
 F - 3 potions of brilliance
 G - a potion of invisibility
 H - 4 potions of magic
 I - 4 potions of haste
 K - 4 potions of ambrosia
 T - 4 potions of might
 W - a potion of berserk rage {unknown}
Miscellaneous
 Z - a piece from Xom's chessboard (15/15)


   Skills:
 - Level 10.1 Fighting
 - Level 8.0 Ranged Weapons
 - Level 3.2 Armour
 - Level 10.0 Dodging
 - Level 4.0 Shields
 - Level 16.0 Unarmed Combat
 - Level 5.0 Spellcasting
 - Level 5.0 Conjurations
 - Level 2.0 Necromancy
 + Level 8.7 Transmutations
 - Level 5.0 Ice Magic
 - Level 6.0 Invocations


You had 5 spell levels left.
You knew the following spells:

 Your Spells              Type           Power      Damage    Failure   Level
a - Kiss of Death         Conj/Necr      76%        2d11      5%          1
b - Momentum Strike       Conj/Tloc      30%        3d8       12%         2
c - Ensorcelled Hibernat  Hex/Ice        30%        N/A       12%         2
d - Blade Hands           Tmut           20%        N/A       19%         5
f - Hailstorm             Conj/Ice       26%        3d7       9%          3
s - Spider Form           Tmut/Pois      23%        N/A       12%         3
z - Ozocubu's Armour      Ice            26%        N/A       9%          3

Your spell library contained the following spells:

 Spells                   Type           Power      Damage    Failure   Level
 Slow                     Hex            20%        N/A       22%         1
 Vampiric Draining        Necr           13%        2d6       30%         3
 Confusing Touch          Hex            5%         N/A       56%         3
 Portal Projectile        Hex/Tloc       10%        N/A       56%         3
 Iskenderun's Battlesphe  Conj           26%        2d8       63%         5
 Anguish                  Hex/Necr       4%         N/A       83%         4
 Metabolic Englaciation   Hex/Ice        7%         N/A       92%         5
 Iron Shot                Conj/Erth      7%         9d2       100%        6
 Tukima's Dance           Hex            Unusable   N/A       N/A         3
 Simulacrum               Ice/Necr       Unusable   N/A       N/A         6
 Spellforged Servitor     Conj/Summ      Unusable   N/A       N/A         7

Dungeon Overview and Level Annotations

Branches:
Dungeon (14/15)            Temple (0/1) D:6            Lair (5/5) D:11
 Shoals (0/4) Lair:3        Snake (0/4) Lair:3        Slime (0/5) Lair:4
    Orc (0/2) D:11         Vaults (0/5) D:14

Altars:
Fedhas
Gozag
Hepliaklqana
Okawaru
Qazlal
Sif Muna
Wu Jian
Yredelemnul
Jiyva
Lugonu

Shops:
D:3 [   D:10 ?[[

Portals:
Abyss: Lair:5

Annotations:
D:6 2 transporters, sasquatch's ghost, novice TeAE
D:9 2 runed translucent doors


Innate Abilities, Weirdness & Mutations

You have razor-sharp teeth.
Your natural rate of healing is unusually fast.
When hurt, damage is shared between your health and your magic reserves.
Your bite disrupts and absorbs the magic of your enemies.
Potions cannot restore your health.


Message History

The shadow dragon breathes negative energy at you.
The bolt of negative energy hits you!!!
You feel drained.
There is an open door here.
You reach down and close the door.
Something unseen breaks down the door.
A brown ugly thing comes into view.
As you read the scroll of teleportation, it crumbles to dust.
You feel strangely unstable.
The brown ugly thing gurgles horribly!
You hear a horrible gurgling sound!
The brown ugly thing basks in the mutagenic energy from its kin and changes!
The brown ugly thing gores you but does no damage.
There is a fountain of clear blue water here.
The shadow dragon breathes negative energy at you.
The bolt of negative energy hits the tengu warrior.
The tengu warrior resists.
The tengu warrior is drained!
The bolt of negative energy hits you!!!
You feel drained.
* * * LOW HITPOINT WARNING * * *
Your surroundings suddenly seem different.
The cyclops shouts!
You hear a shout!
You punch the cyclops! You bite the cyclops, but do no damage.
The cyclops is moderately wounded.
The cyclops misses you.
You hit the cyclops. You bite the cyclops. You drain its power.
You feel invigorated.
The cyclops is heavily wounded.
You pummel the cyclops!! You bite the cyclops.
You kill the cyclops!
Okawaru accepts your kill.
The centaur warrior shoots an arrow.
You block the arrow with an invisible shield... and reflect it back!
The arrow hits the centaur warrior!!
The centaur warrior shoots an arrow.
The arrow hits you but does no damage.
The centaur warrior shoots an arrow.
The arrow completely misses you.
The centaur warrior shoots an arrow.
The arrow hits you!
* * * LOW HITPOINT WARNING * * *
The centaur warrior shoots an arrow.
The arrow misses you.
The centaur warrior shoots an arrow.
You block the arrow with an invisible shield... and reflect it back!
The arrow hits the centaur warrior!
The centaur warrior shoots an arrow.
The arrow hits you!
You die...

..#......#..#####....####
..###...###.....#....#####
....##### #####..c##.....#
## ....### #...##.###.# #.
[.....# #.(....# #.# #.
......# #.#...##
#.#######. ##....#
#####.#.#..###.#.......
#....#
#........#.....#.#####.
####)#
#.....@..####...>.####.
###...#
#........#####.>.....##
#.....#
#........#......####.#
......###
#..........###### #.##
..⌠...'.######....####
#..# .Y§§§.#.)))))..####
#... #..HC.##)####### #...
###...##.# #### ###'##.# #


You could see a centaur warrior.

Vanquished Creatures
  A sphinx (D:14)
  A tengu reaver (D:14)
  A quicksilver ooze (shapeshifter) (Lair:5)
  A yaktaur captain (D:14)
  4 vault guards
  13 centaur warriors
  9 hydras
  A catoblepas (Lair:2)
  3 boulder beetles
  9 two-headed ogres
  A death knight (D:14)
  13 death yaks
  Urug (D:13)
  3 tengu warriors
  3 thrashing horrors (Lair:5)
  3 large abominations (Lair:5)
  An orb spider (shapeshifter) (D:14)
  A lindwurm (Lair:4)
  3 deep elf pyromancers
  5 cyclopes
  4 manticores
  A salamander (Lair:3)
  4 ugly things
  2 black mambas
  9 cane toads
  2 smoke demons (Lair:5)
  4 komodo dragons
  A freezing wraith (D:14)
  An efreet (D:14)
  2 rime drakes
  2 kobold demonologists (D:10)
  2 ancient zymes (Lair:5)
  5 trolls
  2 polar bears
  A hornet (D:11)
  A merfolk (shapeshifter) (D:14)
  A snapping turtle (Lair:3)
  2 meliai (D:14)
  35 blink frogs
  3 vampires
  11 slime creatures
  2 shadows (D:13)
  2 water elementals (D:13)
  Sigmund (D:4)
  A fire bat (shapeshifter) (D:14)
  Eustachio (D:6)
  2 wraiths
  2 spriggans (Lair:4)
  3 ynoxinuls (Lair:5)
  28 yaks
  6 basilisks
  3 wyverns
  A chaos spawn (Lair:5)
  4 steam dragons
  Grum (D:10)
  7 vampire mosquitoes
  4 swamp worms (D:11)
  3 acid dragons
  11 water moccasins
  5 orc warriors
  7 small abominations (Lair:5)
  5 sky beasts
  An ice beast (D:7)
  6 black bears
  16 wolves
  5 centaurs
  2 kobold brigands
  16 bullfrogs
  A gnoll sergeant (D:8)
  6 scorpions
  8 wights
  12 electric eels
  9 howler monkeys
  4 lava snakes (Lair:3)
  4 jellies
  15 orc priests
  8 hounds
  3 iguanas
  3 sleepcaps (D:7)
  Jessica (D:2)
  Ijyb (D:4)
  10 orc wizards
  2 centaur simulacra
  4 gnolls
  10 adders
  A white imp (D:6)
  4 ufetubi
  5 worms
  3 dart slugs
  74 orcs
  7 ball pythons
  5 bats
  5 endoplasms
  5 giant cockroaches
  11 goblins
  9 hobgoblins
  7 jackals
  13 kobolds
  3 quokkas
  3 frilled lizards
  8 rats
581 creatures vanquished.

Vanquished Creatures (others)
  A hound (D:7)
1 creature vanquished.

Grand Total: 582 creatures vanquished

Notes
Turn   | Place    | Note
-------+----------+-------------------------------------------
     0 | D:1      | Midn8 the Vine Stalker Reaver began the quest for the Orb.
     0 | D:1      | Reached XP level 1. HP: 11/11 MP: 4/4
    97 | D:1      | Reached XP level 2. HP: 15/15 MP: 4/6
   458 | D:1      | Reached skill level 4 in Unarmed Combat
   485 | D:1      | Found a faded altar of an unknown god.
   497 | D:1      | Reached XP level 3. HP: 17/18 MP: 7/7
   940 | D:2      | Gained mutation: Your natural rate of healing is unusually
                  | fast. [Vine Stalker growth]
   940 | D:2      | Reached XP level 4. HP: 18/20 MP: 3/8
  1073 | D:2      | Noticed Jessica
  1077 | D:2      | Killed Jessica
  1078 | D:2      | Reached skill level 5 in Unarmed Combat
  1096 | D:2      | Learned a level 2 spell: Momentum Strike
  1419 | D:3      | Reached XP level 5. HP: 22/22 MP: 9/9
  1607 | D:3      | Found an ornate altar of the Wu Jian Council.
  1627 | D:3      | Found a stormy altar of Qazlal.
  1692 | D:3      | Found Vituel's Antique Armour Boutique.
  1854 | D:3      | Found an iron altar of Okawaru.
  2228 | D:4      | Reached skill level 6 in Unarmed Combat
  2268 | D:4      | Identified 2 scrolls of acquirement
  2268 | D:4      | Acquired a +1 buckler of protection
  2275 | D:4      | Acquired a +1 pair of boots of flying
  2465 | D:4      | Noticed Ijyb
  2475 | D:4      | Killed Ijyb
  2510 | D:4      | Reached XP level 6. HP: 25/31 MP: 10/10
  2748 | D:4      | Noticed Sigmund
  2757 | D:4      | Killed Sigmund
  2758 | D:4      | Reached XP level 7. HP: 24/37 MP: 8/11
  2822 | D:4      | Identified the +5 long sword "Ucviagg" {flame, rElec rPois}
  2839 | D:4      | Found a shimmering blue altar of Sif Muna.
  2909 | D:3      | Became a worshipper of Warmaster Okawaru
  3163 | D:5      | Entered Level 5 of the Dungeon
  3335 | D:5      | Reached skill level 7 in Unarmed Combat
  3339 | D:5      | Found a basalt altar of Yredelemnul.
  3545 | D:5      | Gained mutation: You have razor-sharp teeth. [Vine Stalker
                  | growth]
  3545 | D:5      | Reached XP level 8. HP: 34/42 MP: 12/12
  3579 | D:5      | Reached skill level 8 in Unarmed Combat
  4178 | D:6      | Found a staircase to the Ecumenical Temple.
  4210 | D:5      | Reached * piety under Okawaru
  4304 | D:6      | Noticed Eustachio
  4320 | D:6      | Killed Eustachio
  4358 | D:6      | Reached skill level 5 in Conjurations
  4385 | D:6      | Found an opulent altar of Gozag.
  4453 | D:6      | Found a transporter.
  4455 | D:6      | Noticed sasquatch's ghost (novice TeAE)
  4456 | D:6      | Found a transporter.
  4458 | D:6      | Identified the +2 great mace "Juhorgh" {speed, rCorr Str+3
                  | Dex+3}
  5104 | D:6      | Reached XP level 9. HP: 38/38 MP: 14/14
  5115 | D:6      | Reached ** piety under Okawaru
  5116 | D:6      | Reached skill level 1 in Invocations
  5417 | D:7      | Reached skill level 5 in Fighting
  5459 | D:7      | Found a blossoming altar of Fedhas.
  5790 | D:7      | Reached *** piety under Okawaru
  5801 | D:7      | Reached skill level 5 in Dodging
  5854 | D:7      | Reached XP level 10. HP: 45/53 MP: 15/15
  5887 | D:7      | Noticed a boulder beetle
  5940 | D:7      | Killed a boulder beetle
  5945 | D:7      | Learned a level 3 spell: Hailstorm
  6201 | D:8      | Noticed a two-headed ogre
  6214 | D:8      | Killed a two-headed ogre
  6214 | D:8      | Reached **** piety under Okawaru
  6215 | D:8      | Reached skill level 5 in Spellcasting
  6215 | D:8      | Reached skill level 1 in Ice Magic
  6336 | D:8      | Noticed a cyclops
  6336 | D:8      | Noticed a two-headed ogre
  6387 | D:8      | Killed a two-headed ogre
  6394 | D:8      | Reached skill level 5 in Ice Magic
  6407 | D:8      | Learned a level 3 spell: Ozocubu's Armour
  6410 | D:8      | Learned a level 2 spell: Ensorcelled Hibernation
  6515 | D:8      | Reached ***** piety under Okawaru
  6569 | D:8      | Identified the +6 sling "Myeff" {drain, Int+3}
  6839 | D:8      | Identified the +7 ring mail of Indomitability {Str+2}
  6890 | D:8      | Reached skill level 9 in Unarmed Combat
  6890 | D:8      | Reached XP level 11. HP: 56/56 MP: 19/19
  6979 | D:8      | Noticed a two-headed ogre
  6987 | D:8      | Killed a two-headed ogre
  6988 | D:8      | Reached skill level 10 in Unarmed Combat
  7059 | D:8      | Killed a cyclops
  7143 | D:9      | Noticed a two-headed ogre
  7154 | D:9      | Killed a two-headed ogre
  7479 | D:9      | Noticed a white ugly thing
  7487 | D:9      | Killed a white ugly thing
  7748 | D:9      | Noticed a centaur warrior
  7761 | D:9      | Killed a centaur warrior
  7835 | D:9      | Found a runed translucent door.
  7836 | D:9      | Found a runed translucent door.
  7836 | D:9      | Noticed a centaur warrior
  7859 | D:9      | Noticed a boulder beetle
  7860 | D:9      | Noticed a cyclops
  7870 | D:9      | Found a hazy altar of Hepliaklqana.
  7882 | D:10     | Entered Level 10 of the Dungeon
  7957 | D:10     | Noticed a sixfirhy
  8004 | D:10     | Noticed a soul eater
  8021 | D:10     | Noticed a sun demon
  8102 | D:10     | Reached skill level 5 in Invocations
  8177 | D:10     | Noticed a two-headed ogre
  8187 | D:10     | Killed a two-headed ogre
  8204 | D:10     | Learned a level 3 spell: Spider Form
  8209 | D:10     | Noticed a two-headed ogre
  8216 | D:10     | Killed a two-headed ogre
  8216 | D:10     | Received a gift from Okawaru
  8217 | D:10     | Reached XP level 12. HP: 64/64 MP: 20/20
  8235 | D:10     | Noticed Grum
  8250 | D:10     | Killed Grum
  8504 | D:10     | Noticed a two-headed ogre
  8509 | D:10     | Killed a two-headed ogre
  8510 | D:10     | Reached skill level 11 in Unarmed Combat
  8540 | D:10     | Found Neynt's Magic Scroll Boutique.
  8540 | D:10     | Found Esaan's Armour Shop.
  8541 | D:10     | Found Avari's Antique Armour Boutique.
  8549 | D:10     | Noticed a two-headed ogre
  8642 | D:10     | Killed a two-headed ogre
  8654 | D:10     | Bought a +2 helmet for 214 gold pieces
  8661 | D:10     | Bought a spiked cloak for 304 gold pieces
  8661 | D:10     | Identified the +0 cloak of Beastly Salvation {*Corrode
                  | Str+9 Dex-4 SInv} (You bought it in a shop on level 10 of
                  | the Dungeon)
  9135 | D:11     | Received a gift from Okawaru
  9258 | D:11     | Reached skill level 12 in Unarmed Combat
  9292 | D:11     | Reached skill level 1 in Ranged Weapons
  9370 | D:11     | Identified the +2 chain mail of Analysis {rCorr Str+4
                  | Stlth+}
  9469 | D:11     | Found a staircase to the Lair.
  9651 | D:11     | Found a staircase to the Orcish Mines.
  9798 | D:11     | Received a gift from Okawaru
  9871 | D:11     | Identified the staff of air "Pirgh" {rElec Str+2}
 10228 | D:12     | Noticed a two-headed ogre
 10240 | D:12     | Killed a two-headed ogre
 10241 | D:12     | Reached skill level 5 in Ranged Weapons
 10543 | Lair:1   | Entered Level 1 of the Lair of Beasts
 10976 | Lair:2   | Reached skill level 1 in Transmutations
 10993 | Lair:2   | Noticed a catoblepas
 11015 | Lair:2   | Killed a catoblepas
 11289 | Lair:2   | Reached XP level 13. HP: 65/68 MP: 21/21
 11314 | Lair:2   | Reached skill level 5 in Transmutations
 12254 | Lair:3   | Found a staircase to the Shoals.
 12512 | Lair:3   | Reached skill level 13 in Unarmed Combat
 12685 | Lair:3   | Found a staircase to the Snake Pit.
 13146 | D:3      | Bought a pair of glowing gloves for 247 gold pieces
 13390 | Lair:4   | Received a gift from Okawaru
 13589 | Lair:4   | Reached skill level 14 in Unarmed Combat
 14008 | Lair:4   | Reached ****** piety under Okawaru
 14109 | Lair:4   | Reached skill level 1 in Armour
 14116 | Lair:4   | Identified the +2 cloak "Pijuse" {*Slow Str+5} (Okawaru
                  | gifted it to you on level 4 of the Lair of Beasts)
 14116 | Lair:4   | Received a gift from Okawaru
 14182 | Lair:4   | Found a viscous altar of Jiyva.
 14183 | Lair:4   | Found a staircase to the Slime Pits.
 14280 | Lair:5   | Entered Level 5 of the Lair of Beasts
 14558 | Lair:4   | Reached XP level 14. HP: 68/74 MP: 22/22
 15005 | Lair:5   | Reached skill level 10 in Fighting
 15711 | Lair:5   | Identified the +0 robe of the Earth {Int+4 Dex+2} (Okawaru
                  | gifted it to you on level 5 of the Lair of Beasts)
 15711 | Lair:5   | Received a gift from Okawaru
 15861 | Lair:5   | Noticed a quicksilver ooze
 15878 | Lair:5   | Killed a quicksilver ooze
 16331 | Lair:5   | Reached skill level 10 in Dodging
 16365 | Lair:5   | Found a corrupted altar of Lugonu.
 16365 | Lair:5   | Found a one-way gate to the infinite horrors of the Abyss.
 16629 | D:13     | Noticed Urug
 16658 | D:13     | Killed Urug
 17055 | D:13     | Reached XP level 15. HP: 69/80 MP: 19/23
 17350 | D:13     | Reached skill level 15 in Unarmed Combat
 17809 | D:14     | Received a gift from Okawaru
 17819 | D:14     | Noticed a tengu reaver
 17834 | D:14     | HP: 1/80 [tengu reaver/bolt of acid (33)]
 17835 | D:14     | Killed a tengu reaver
 18189 | D:14     | Reached skill level 16 in Unarmed Combat
 18254 | D:14     | Noticed a sphinx
 18256 | D:14     | Paralysed by a sphinx for 3 turns
 18314 | D:14     | Identified the +7 rapier of the Four Orbs {freeze, Int+3}
 18329 | D:14     | Found a gate to the Vaults.
 18590 | D:14     | Identified the ring "Tirixtihie" {rElec rN++ Dex-2 SInv}
 18754 | D:14     | Identified the staff of earth "Niushryrgho" {Str-5 Int+4}
 18842 | D:14     | Identified the +4 scimitar of Zint {holy, Str+3} (Okawaru
                  | gifted it to you on level 14 of the Dungeon)
 18842 | D:14     | Received a gift from Okawaru
 18852 | D:14     | Killed a sphinx
 18859 | D:14     | Learned a level 5 spell: Blade Hands
 19202 | D:14     | Received a gift from Okawaru
 19375 | D:14     | Noticed a shadow dragon
 19396 | D:14     | HP: 2/70 [centaur warrior/arrow (11)]
 19399 | D:14     | Shot with an arrow by a centaur warrior

Illustrated notes

Levels and vault maps discovered:
D:1:      scummos_arrival_simple_fountains, layout_basic,
          hellmonk_ecumenical_altar_pennies_from_heaven,
          chequers_serial_rivers_small_3, grunt_decor_junction
D:2:      layout_basic, uniq_jessica
D:3:      layout_basic, mainiacjoe_overflow_big_doors,
          nicolae_overflow_hidden_temple, serial_shops,
          nicolae_shop_behind_doors, minmay_misc_feat_tiny
D:4:      layout_gridville, kennysheep_orc_sif_temple, serial_bayou_pond_d,
          uniq_sigmund, uniq_ijyb
D:5:      layout_basic, amcnicky_altar_gilded
D:6:      layout_basic, mainiacjoe_overflow_concentric_impassable,
          minmay_temple_entry_sparse_star, gammafunk_ghost_smash, uniq_eustachio
D:7:      kennysheep_windowed_halls, layout_cave_pools, kennysheep_mini
D:8:      layout_cave_pods, grunt_potential
D:9:      minmay_the_grid_four_pointed_star_mashed
          [minmay_the_grid_triangle_9x9_stretched_checkered,
          minmay_the_grid_triangle_9x9_zippers_vertical,
          minmay_the_grid_triangle_9x9_tough_junction,
          minmay_the_grid_triangle_9x9_windchime,
          minmay_the_grid_prize_shrinking_boxes], layout_rooms,
          lemuel_doored_altar, minmay_tree_intersection, minivault_25,
          hangedman_abyss_or_decor_lesser_grid
D:10:     layout_loops_cross, nicolae_wooded_promenade, nicolae_hexahallways,
          uniq_grum
D:11:     layout_big_octagon, erik_lair_island, hiddenorc2_lemuel,
          serial_column_ruins, column_ruins_hut, column_ruins_square_large,
          column_ruins_columns_straight, column_ruins_grid_1,
          column_ruins_open_large, column_ruins_open_tiny, worms_lemuel
D:12:     layout_roguey
D:13:     layout_loops_ring, minmay_misc_feat_x, water_boxes_lemuel, uniq_urug
D:14:     layout_rooms, lightli_vaults_fourway_checkpoint,
          minmay_misc_feat_diagonals, nicolae_rejected_hall
Lair:1:   layout_big_grid
Lair:2:   layout_cave_shapes, grunt_forest_stairs_basic
Lair:3:   layout_cave_pods, minmay_shoals_entry_hut,
          nicolae_snake_entry_warm_welcome, infiniplex_staircase_pool
Lair:4:   layout_loops_ring, dpeg_slime_entry_enclosed, forest_entry_grove
Lair:5:   hellmonk_lair_end_abyssal_woods, layout_cave_pods, grunt_megastairs_3,
          lemuel_fruit_fields

Skill      XL: |  1  2  3  4  5  6  7  8  9 10 11 12 13 14 15 |
---------------+----------------------------------------------+-----
Unarmed Combat | 4 5 6 7 8 9 10 12 14 16 | 16.0
Fighting       | 3 4 6 8 10 | 10.1
Shields        | 2 4 |  4.0
Spellcasting   | 3 5 |  5.0
Necromancy     | 2 |  2.0
Conjurations   | 5 |  5.0
Dodging        | 4 5 7 10 | 10.0
Invocations    | 4 6 |  6.0
Ice Magic      | 5 |  5.0
Ranged Weapons | 6 8 |  8.0
Transmutations | 4 5 8 |  8.7
Armour         | 3 |  3.2

Action                     |  1- 3 |  4- 6 |  7- 9 | 10-12 | 13-15 || total
---------------------------+-------+-------+-------+-------+-------++-------
  Melee: Unarmed           |    87 |   200 |   327 |   628 |  1093 ||  2335
         Bite              |    20 |    44 |    92 |   251 |   402 ||   809
         Punch             |     2 |     7 |       |       |       ||     9
   Fire: Sling             |       |       |       |   167 |   269 ||   436
  Throw: Javelin           |       |       |       |     3 |       ||     3
         Stone             |       |       |       |       |    44 ||    44
   Cast: Kiss of Death     |     1 |     4 |     5 |     1 |       ||    11
         Momentum Strike   |       |       |     2 |     5 |       ||     7
         Ozocubu's Armour  |       |       |       |    12 |    33 ||    45
         Spider Form       |       |       |       |       |     8 ||     8
         Hailstorm         |       |       |       |       |     1 ||     1
 Invoke: Heroism           |       |       |     4 |    21 |    11 ||    36
  Evoke: Wand              |       |       |       |    15 |     2 ||    17
    Use: Scroll            |     4 |     3 |    11 |    12 |     4 ||    34
   Stab: Sleeping          |     1 |     1 |     1 |     1 |     1 ||     5
         Paralysed         |       |       |       |    18 |       ||    18
         Distracted        |       |       |       |       |     1 ||     1
         Petrified         |       |       |       |       |     1 ||     1
 Armour: Leather armour    |    16 |    59 |   107 |   160 |       ||   342
         Troll leather arm |       |       |       |    23 |   255 ||   278
         Skin              |       |       |       |       |     4 ||     4
         Swamp dragon scal |       |       |       |       |    91 ||    91
  Dodge: Dodged            |    43 |    93 |   150 |   462 |   636 ||  1384
  Block: Buckler           |       |    10 |    85 |   241 |   410 ||   746
         Reflection        |       |       |       |       |    23 ||    23
